 Dungeon Crawl Stone Soup version 0.31-a0-217-g58bb5d79cf (webtiles) character file.

Game seed: 17887348182544521029

3553 AlmostDecent the Cleaver (level 10, -34/51 HPs)
             Began as a Vine Stalker Berserker on July 3, 2023.
             Was an Elder of Trog.
             Annihilated by an orc warlord
             ... wielding a +6 broad axe
              (44 damage)
             ... in a bailey.
             The game lasted 00:25:23 (5637 turns).

AlmostDecent the Cleaver (Vine Stalker Berserker)   Turns: 5637, Time: 00:25:24

Health: -34/51     AC:  7    Str: 26    XL:     10   Next: 9%
Magic:  0/11       EV: 17    Int:  7    God:    Trog [****..]
Gold:   368        SH:  9    Dex: 15    Spells: 9/9 levels left

rFire   + + .        w - +1 war axe (venom)
rCold   . . .        i - +0 kite shield
rNeg    . . .        l - +1 leather armour of Darkness {+Inv Str+3}
rPois   .            t - +0 helmet
rElec   .            (no cloak)
rCorr   .            z - +0 pair of gloves
SInv    .            p - +0 pair of boots
Will    +++..        (no amulet)
Stlth   +++          g - ring of protection from fire
HPRegen 2.08/turn    f - ring "Huzits" {rF+ EV+5}
MPRegen 0.12/turn

%: guardian spirit
@: strong-willed, regenerating
A: fangs 3, regeneration 1, magic shield, antimagic bite, no potion heal 2
a: Renounce Religion, Evoke Invisibility, Berserk, Trog's Hand, Brothers in Arms


You were in a bailey.
You worshipped Trog.
Trog was greatly pleased with you.
You visited 1 branch of the dungeon, and saw 7 of its levels.
You also visited: Sewer and Bailey.

You collected 368 gold pieces.

Inventory:

Hand Weapons
 a - a +0 hand axe
 d - a +0 broad axe
 w - a +1 war axe of venom (weapon)
Armour
 i - a +0 kite shield (worn)
 l - the +1 leather armour of Darkness (worn) {+Inv Str+3}
   (You found it on level 2 of the Dungeon)

   Str:       It affects your strength (+3).
   +Inv:      It lets you turn invisible.
 p - a +0 pair of boots (worn)
 t - a +0 helmet (worn)
 z - a +0 pair of gloves (worn)
Jewellery
 f - the ring "Huzits" (right hand) {rF+ EV+5}
   (You acquired it on level 7 of the Dungeon)

   [ring of evasion]

   EV:        It affects your evasion (+5).
   rF:        It protects you from fire.
 g - a ring of protection from fire (left hand)
 m - an amulet of faith
 x - a ring of ice
Wands
 B - a wand of roots (3)
Scrolls
 c - 2 scrolls of silence
 e - 5 scrolls of teleportation
 h - a scroll of enchant weapon
 j - 2 scrolls of fog
 k - a scroll of poison
 o - a scroll of fear {unknown}
 u - 2 scrolls of immolation
Potions
 b - 2 potions of might {unknown}
 n - 2 potions of invisibility
 q - a potion of cancellation {unknown}
 r - 2 potions of magic
 s - 4 potions of attraction
 v - a potion of curing
 A - 2 potions of enlightenment {unknown}
 C - 2 potions of haste {unknown}
 D - 2 potions of resistance {unknown}
 E - a potion of brilliance {unknown}


   Skills:
 + Level 5.2 Fighting
 * Level 10.0 Axes
 + Level 3.3 Armour
 + Level 3.8 Dodging
 + Level 4.5 Stealth
 + Level 3.9 Shields


You had 9 spell levels left.
You didn't know any spells.
Your spell library was empty.

Dungeon Overview and Level Annotations

Branches:
Dungeon (7/15)             Temple (0/1) D:4           Sewer (visited)
 Bailey (1/1)

Altars:
Sif Muna
Uskayaw
Zin

Shops:
D:5 (


Innate Abilities, Weirdness & Mutations

You have razor-sharp teeth.
Your natural rate of healing is unusually fast.
When hurt, damage is shared between your health and your magic reserves.
Your bite disrupts and absorbs the magic of your enemies.
Potions cannot restore your health.


Message History

The goblin moves out of view.
There is an open door here.
You barely miss the orc.
The orc warlord shouts!
The orc warrior shouts!
The gnoll shouts!
You bite the orc, but do no damage. The orc completely misses you.
The orc warlord roars a battlecry!
The orcs go into a battle-frenzy!
You hear a shout!
You barely miss the orc. You bite the orc!
You kill the orc!
Trog accepts your kill.
You closely miss the orc warrior. You bite the orc warrior.
You drain its power.
The orc warrior is lightly wounded.
You block the orc warrior's attack.
You barely miss the orc warrior. You bite the orc warrior. You drain its power.
The orc warrior is lightly wounded.
The orc warrior hits you with a +0 war axe!!
The orc warlord shouts loudly.
Your skin crawls.
You feel strong-willed.
The orc warrior hits you with a +0 war axe!!
Okay, then.
You fail to use your ability.
You block the orc warrior's attack.
A goblin comes into view. It is wielding a +1 sling of draining.
You fail to use your ability.
The orc knight roars a battlecry!
The orc warlord goes into a battle-frenzy!
The orc warrior hits you with a +0 war axe!!
* * * LOW HITPOINT WARNING * * *
As you read the scroll of fog, it dissolves into smoke.
The orc warrior attacks as you move away!
The orc warrior hits you with a +0 war axe.
* * * LOW HITPOINT WARNING * * *
The orc warlord attacks as you move away!
The orc warlord barely misses you.
The orc warlord attacks as you move away!
The orc warlord hits you with a +6 broad axe!!!
Ouch! That really hurt!
You die...

#.......#.........#.......#
##[))....##.......##.......#
#.........#.g.g...#.........
##.........###ogg###.........
#.....⌠.....###o###.....⌠....
##.........##88§88##.........
#.........#.§o§§..#.........
##.......##.o§§...##)......#
#.......')@o§§....')......#
##.....##)........##.....##
#######.....⌠.....#######
##.........## #.........#
##.......## #......!#
##..∩..## #######


You could see an orc warlord (strong), an orc knight (strong) and 2 orc
warriors.

Vanquished Creatures
  Pikel (D:7)
  Maggie (D:7)
  A steam dragon (D:6)
  Menkaure (D:5)
  A water moccasin (D:6)
  10 orc warriors (Bailey)
  An ice beast (D:5)
  An ogre (D:6)
  A black bear (D:5)
  A phantom (D:5)
  A kobold brigand (Sewer)
  A bullfrog (D:7)
  3 scorpions
  5 hounds
  A gnoll bouda (D:7)
  An orc priest (D:7)
  5 iguanas
  2 sleepcaps
  Natasha (twice) (D:3)
  3 orc wizards
  14 gnolls
  5 adders
  A shadow imp (D:7)
  2 white imps
  An ufetubus (D:5)
  2 worms
  3 dart slugs
  30 orcs
  9 ball pythons
  8 endoplasms
  9 giant cockroaches
  12 goblins
  16 hobgoblins
  5 jackals
  23 kobolds
  7 quokkas
  4 bats
  5 frilled lizards
  9 rats
208 creatures vanquished.

Vanquished Creatures (others)
  An orc (D:6)
1 creature vanquished.

Grand Total: 209 creatures vanquished

Notes
Turn   | Place    | Note
-------+----------+-------------------------------------------
     0 | D:1      | AlmostDecent the Vine Stalker Berserker began the quest for
                  | the Orb.
     0 | D:1      | Reached XP level 1. HP: 11/11 MP: 2/2
   174 | D:1      | Reached XP level 2. HP: 13/16 MP: 3/3
   341 | D:1      | Reached skill level 3 in Axes
   761 | D:1      | Reached XP level 3. HP: 20/20 MP: 4/4
   811 | D:1      | Found a faded altar of an unknown god.
  1090 | D:2      | Gained mutation: Your natural rate of healing is unusually
                  | fast. [Vine Stalker growth]
  1090 | D:2      | Reached XP level 4. HP: 9/24 MP: 3/5
  1267 | D:2      | Reached ** piety under Trog
  1295 | D:2      | Identified the +1 leather armour of Darkness {+Inv Str+3}
  1720 | D:3      | Noticed Natasha
  1729 | D:3      | Killed Natasha
  1971 | D:3      | Reached skill level 4 in Axes
  1971 | D:3      | Reached XP level 5. HP: 28/28 MP: 6/6
  2048 | D:3      | Reached skill level 1 in Stealth
  2051 | D:3      | Found a glowing drain.
  2055 | Sewer    | Entered a sewer
  2175 | Sewer    | Noticed a kobold brigand
  2184 | Sewer    | Killed a kobold brigand
  2256 | Sewer    | Reached XP level 6. HP: 32/32 MP: 7/7
  2260 | Sewer    | Reached skill level 1 in Shields
  2627 | D:3      | Noticed Natasha
  2632 | D:3      | Killed Natasha
  3001 | D:4      | Reached *** piety under Trog
  3014 | D:4      | Found a staircase to the Ecumenical Temple.
  3329 | D:5      | Entered Level 5 of the Dungeon
  3329 | D:5      | Noticed Menkaure
  3340 | D:5      | Killed Menkaure
  3341 | D:5      | Reached skill level 5 in Axes
  3341 | D:5      | Reached XP level 7. HP: 36/36 MP: 8/8
  3387 | D:5      | Found a glowing silver altar of Zin.
  3401 | D:5      | Identified the +1 robe "Piqeosac" {Contam +Inv Int+2 Dex+3}
  3428 | D:5      | Found a hide-covered altar of Uskayaw.
  3592 | D:5      | Reached skill level 6 in Axes
  3685 | D:5      | Gained mutation: You have razor-sharp teeth. [Vine Stalker
                  | growth]
  3685 | D:5      | Reached XP level 8. HP: 42/42 MP: 7/9
  3777 | D:5      | Found Lygiop's Weapon Boutique.
  4348 | D:6      | Reached skill level 7 in Axes
  4432 | D:6      | Found a shimmering blue altar of Sif Muna.
  4952 | D:7      | Noticed Pikel
  4962 | D:7      | Killed Pikel
  4963 | D:7      | Reached skill level 8 in Axes
  4963 | D:7      | Reached XP level 9. HP: 46/46 MP: 10/10
  5197 | D:7      | Noticed Maggie
  5225 | D:7      | Killed Maggie
  5240 | D:7      | Identified a scroll of acquirement
  5240 | D:7      | Acquired the ring "Huzits" {rF+ EV+5}
  5309 | D:7      | Found a flagged portal.
  5331 | Bailey   | Entered a bailey
  5406 | Bailey   | Reached skill level 5 in Fighting
  5406 | Bailey   | Reached skill level 9 in Axes
  5466 | Bailey   | Reached **** piety under Trog
  5472 | Bailey   | Reached XP level 10. HP: 36/51 MP: 8/11
  5576 | Bailey   | Reached skill level 10 in Axes
  5622 | Bailey   | Noticed an orc warlord
  5623 | Bailey   | Noticed an orc knight
  5637 | Bailey   | Annihilated by an orc warlord

Illustrated notes

Levels and vault maps discovered:
D:1:      shiori_arrival_maze, layout_basic, dilly_ecumenical_altar_fadedgnrine
D:2:      layout_loops_ring, feat_on_display
D:3:      layout_basic, gup_sewer_entry_spiral, minmay_circle_x, uniq_natasha
D:4:      layout_cave_pools, minmay_temple_entry_drinking_statues
D:5:      layout_loops_cross, mainiacjoe_overflow_catch_the_wave, serial_shops,
          shop, uniq_menkaure
D:6:      layout_gridville, general_overflow_altar
D:7:      layout_cave_pools, gammafunk_ghost_smash, enter_bailey_7,
          grunt_decor_one_mirror, mrwooster_statue_mirror, uniq_pikel,
          uniq_maggie
Bailey:   bailey_axe_minmay_hex_keep, bailey

Skill      XL: |  1  2  3  4  5  6  7  8  9 10 |
---------------+-------------------------------+-----
Fighting       | 3 4 5 |  5.2
Axes           | 3 4 5 6 8 9 10 | 10.0
Armour         | 2 3 |  3.3
Dodging        | 2 3 |  3.8
Stealth        | 1 2 3 4 |  4.5
Shields        | 1 2 3 |  3.9

Action                     |  1- 3 |  4- 6 |  7- 9 | 10-12 || total
---------------------------+-------+-------+-------+-------++-------
  Melee: Hand axe          |    83 |   199 |   219 |       ||   501
         Bite              |    22 |    45 |    74 |    12 ||   153
         Punch             |     2 |       |       |       ||     2
         War axe           |       |       |    35 |    27 ||    62
 Invoke: Berserk           |     3 |     9 |     9 |       ||    21
         Trog's Hand       |       |     3 |     4 |     1 ||     8
    Use: Potion            |     2 |       |     1 |       ||     3
         Scroll            |       |       |    14 |     1 ||    15
   Stab: Sleeping          |     1 |     6 |     4 |       ||    11
 Armour: Animal skin       |     3 |       |       |       ||     3
         Leather armour    |    16 |    45 |    49 |     2 ||   112
  Dodge: Dodged            |    41 |    74 |   126 |    14 ||   255
  Block: Kite shield       |     9 |    72 |    97 |    15 ||   193

Table legend: (Time is in decaauts)
 A = Elapsed time spent in this place.
 B = Non-inter-level travel time spent in this place.
 C = Inter-level travel time spent in this place.
 D = Time resting spent in this place.
 E = Time spent auto-exploring this place.
 F = Levels seen in this place.
 G = Mean time per level.
                   A        B        C        D        E       F      G
               +--------+--------+--------+--------+--------+-----+--------+
         Total |   5987 |   5790 |    197 |    231 |   3820 |   9 |  665.2 |
       Dungeon |   5367 |   5170 |    197 |    198 |   3580 |   7 |  766.7 |
         Sewer |    296 |    296 |      0 |      0 |    140 |   1 |  296.0 |
        Bailey |    323 |    323 |      0 |     32 |    100 |   1 |  323.0 |
               +--------+--------+--------+--------+--------+-----+--------+

Top non-repeatable levels by time:
     D:3: 1053 daAuts
     D:2: 877 daAuts
     D:1: 866 daAuts
     D:5: 769 daAuts
     D:6: 753 daAuts
     D:7: 566 daAuts
     D:4: 480 daAuts
  Bailey: 323 daAuts
   Sewer: 296 daAuts
